 Dungeon Crawl Stone Soup version 0.30.1-3-gfc49f6343a (webtiles) character file.

Game seed: 3839486851863350232

1047 dkbeermoney the Spear-Bearer (level 8, -5/69 HPs)
             Began as a Minotaur Berserker on July 26, 2023.
             Was a Priest of Trog.
             Slain by GrumpyGrim72's ghost (18 damage)
             ... on level 5 of the Dungeon.
             The game lasted 00:10:15 (4166 turns).

dkbeermoney the Spear-Bearer (Minotaur Berserker)   Turns: 4166, Time: 00:10:16

Health: -5/69      AC: 12    Str: 31    XL:     8   Next: 5%
Magic:  7/7        EV:  8    Int:  4    God:    Trog [***...]
Gold:   195        SH:  0    Dex:  9    Spells: 7/7 levels left

rFire   . . .        H - +0 halberd
rCold   . . .        (shield currently unavailable)
rNeg    . . .        k - +0 plate armour
rPois   .            (helmet restricted)
rElec   .            (no cloak)
rCorr   .            (no gloves)
SInv    +            (no boots)
Will    ++...        c - amulet of the acrobat Stlth
                     j - ring of see invisible
HPRegen 1.31/turn    t - +6 ring of strength
MPRegen 0.10/turn

%: acrobat
@: strong-willed, regenerating
A: horns 2, retaliatory headbutt
a: Renounce Religion, Berserk, Trog's Hand


You were on level 5 of the Dungeon.
You worshipped Trog.
Trog was most pleased with you.
You visited 1 branch of the dungeon, and saw 5 of its levels.

You collected 195 gold pieces.

Inventory:

Hand Weapons
 a - a +0 spear
 A - a +0 trident
 H - a +0 halberd (weapon)
Armour
 b - a +0 animal skin
 k - a +0 plate armour (worn)
 r - the +4 ring mail of the Shoals {Int+4}
   (You found it on level 2 of the Dungeon)

   Int:       It affects your intelligence (+4).
Jewellery
 c - an amulet of the acrobat (around neck)
 j - a ring of see invisible (left hand)
 t - a +6 ring of strength (right hand)
 I - an amulet of faith
Wands
 y - a wand of flame (21)
Scrolls
 d - 5 scrolls of teleportation
 e - a scroll of enchant weapon {unknown}
 f - a scroll of enchant armour {unknown}
 h - 2 scrolls of blinking {unknown}
 i - 2 scrolls of poison {unknown}
 l - a scroll of immolation {unknown}
 m - 6 scrolls of identify {unknown}
 o - 2 scrolls of amnesia {unknown}
 s - a scroll of noise {unknown}
 u - 2 scrolls of vulnerability {unknown}
 w - a scroll of torment {unknown}
 x - 2 scrolls of fog {unknown}
 B - a scroll of silence {unknown}
 E - 2 scrolls of fear {unknown}
 K - a scroll of brand weapon {unknown}
Potions
 g - a potion of heal wounds {unknown}
 n - a potion of brilliance {unknown}
 p - 3 potions of attraction {unknown}
 q - 3 potions of curing {unknown}
 v - 2 potions of lignification {unknown}
 z - a potion of cancellation {unknown}
 C - a potion of flight {unknown}
 D - a potion of magic {unknown}
 F - 2 potions of resistance {unknown}
 G - a potion of degeneration {unknown}
 J - 2 potions of might {unknown}


   Skills:
 + Level 5.5 Fighting
 + Level 8.6 Polearms
 + Level 6.4 Armour
 + Level 3.4 Dodging
 + Level 0.7 Stealth


You had 7 spell levels left.
You didn't know any spells.
Your spell library contained the following spells:

 Spells                   Type           Power      Damage    Failure   Level
 Necrotise                Necr           0%         1d4       99%         1
 Vampiric Draining        Necr           0%         2d6       100%        3
 Agony                    Necr           0%         N/A       100%        5


Dungeon Overview and Level Annotations

Branches:
Dungeon (5/15)             Temple (0/1) D:4

Altars:
Makhleb
Yredelemnul

Shops:
D:4 !

Annotations:
D:5 GrumpyGrim72's ghost, novice OpCj


Innate Abilities, Weirdness & Mutations

You have a pair of horns on your head.
You reflexively headbutt those who attack you in melee.


Message History

GrumpyGrim72's ghost casts a spell at you.
The magic dart hits you.
You closely miss GrumpyGrim72's ghost.
Your headbutt misses GrumpyGrim72's ghost.
GrumpyGrim72's ghost is moderately damaged.
GrumpyGrim72's ghost completely misses you.
You furiously retaliate!
You headbutt GrumpyGrim72's ghost! You miss GrumpyGrim72's ghost.
Your headbutt misses GrumpyGrim72's ghost.
GrumpyGrim72's ghost is heavily damaged.
GrumpyGrim72's ghost stares at you and mumbles some strange words.
The magic dart hits you.
You completely miss GrumpyGrim72's ghost.
GrumpyGrim72's ghost is heavily damaged.
GrumpyGrim72's ghost hits you but does no damage.
You are electrocuted!
You miss GrumpyGrim72's ghost.
GrumpyGrim72's ghost is heavily damaged.
GrumpyGrim72's ghost says very slowly, "There's no hope."
GrumpyGrim72's ghost casts a spell at you.
The magic dart hits you.
GrumpyGrim72's ghost hits you but does no damage.
Your skin crawls.
You feel strong-willed.
GrumpyGrim72's ghost hits you but does no damage.
You miss GrumpyGrim72's ghost.
Your headbutt misses GrumpyGrim72's ghost.
GrumpyGrim72's ghost is heavily damaged.
GrumpyGrim72's ghost hits you.
You are electrocuted!
You closely miss GrumpyGrim72's ghost.
GrumpyGrim72's ghost is heavily damaged.
GrumpyGrim72's ghost whispers, "The ORB doesn't exist."
GrumpyGrim72's ghost hits you but does no damage.
You are electrocuted!
* * * LOW HITPOINT WARNING * * *
GrumpyGrim72's ghost attacks as you move away!
GrumpyGrim72's ghost hits you.
* * * LOW HITPOINT WARNING * * *
You are electrocuted!!
You die...

#...#####.................##.####
....########.###...######........
#.......................#.##.####
........................#.##.#
#......####...#####.....#.#..#
#.............#♣8♣#.....#.#..#
#........######./.#.....#.#..#
..............##W##..........#
#...###..######.@.#######.##.####
#...# #..######...## #........
#...###..#.........######........
...........................#.####
##########.#.##.#########..#.....
...........#.....................
##########.#.##.###........######
#.#.##.....#####.## #.#.##.#####
#)#


You could see GrumpyGrim72's ghost.

Vanquished Creatures
  An ogre (D:4)
  2 centaurs (D:5)
  A phantom (D:4)
  A bullfrog (D:5)
  A necrophage (D:5)
  A scorpion (D:3)
  2 howler monkeys
  2 jellies (D:5)
  2 orc priests
  An iguana (D:5)
  3 orc wizards
  A hound skeleton (D:5)
  4 gnolls (D:5)
  9 adders
  A white imp (D:5)
  An ufetubus (D:3)
  A worm (D:2)
  A dart slug (D:1)
  15 orcs
  6 endoplasms
  4 giant cockroaches
  3 goblins
  8 hobgoblins
  7 jackals
  6 kobolds
  4 quokkas
  8 ball pythons
  5 bats
  6 frilled lizards
  5 rats
112 creatures vanquished.

Vanquished Creatures (others)
  An orc wizard (D:5)
1 creature vanquished.

Grand Total: 113 creatures vanquished

Notes
Turn   | Place    | Note
-------+----------+-------------------------------------------
     0 | D:1      | dkbeermoney the Minotaur Berserker began the quest for the
                  | Orb.
     0 | D:1      | Reached XP level 1. HP: 19/19 MP: 0/0
    93 | D:1      | Reached skill level 4 in Polearms
    93 | D:1      | Reached XP level 2. HP: 24/27 MP: 1/1
   689 | D:1      | Reached XP level 3. HP: 33/33 MP: 2/2
   904 | D:2      | Identified the +4 ring mail of the Shoals {Int+4}
   994 | D:2      | Reached ** piety under Trog
   995 | D:2      | Reached XP level 4. HP: 33/40 MP: 3/3
  1230 | D:2      | Reached skill level 5 in Polearms
  1818 | D:3      | Found a basalt altar of Yredelemnul.
  1870 | D:3      | Found a faded altar of an unknown god.
  1906 | D:3      | Noticed a scorpion
  1911 | D:3      | Killed a scorpion
  1912 | D:3      | Reached XP level 5. HP: 47/47 MP: 4/4
  2319 | D:4      | Reached skill level 6 in Polearms
  2498 | D:4      | Found Beudama's Distillery.
  2501 | D:4      | Noticed an ogre
  2509 | D:4      | Killed an ogre
  2510 | D:4      | Reached XP level 6. HP: 25/53 MP: 5/5
  2614 | D:4      | Identified the +6 chain mail of Shielding {rC+ Str+2 Int+2}
  2642 | D:4      | Found a staircase to the Ecumenical Temple.
  2734 | D:4      | Reached skill level 7 in Polearms
  3055 | D:5      | Entered Level 5 of the Dungeon
  3069 | D:5      | Reached XP level 7. HP: 49/60 MP: 6/6
  3081 | D:5      | Reached skill level 5 in Armour
  3159 | D:5      | Reached skill level 5 in Fighting
  3486 | D:5      | Found a runed translucent door.
  3488 | D:5      | Noticed GrumpyGrim72's ghost (novice OpCj)
  3524 | D:5      | Reached *** piety under Trog
  3655 | D:5      | Reached skill level 8 in Polearms
  3876 | D:5      | Found a burning altar of Makhleb.
  3883 | D:5      | Reached XP level 8. HP: 62/69 MP: 7/7
  4166 | D:5      | Slain by GrumpyGrim72's ghost

Illustrated notes

Levels and vault maps discovered:
D:1:      dpeg_arrival_renting, layout_basic
D:2:      layout_loops_ring, kennysheep_generic_room_16
D:3:      layout_basic, mainiacjoe_overflow_surrounded_room,
          ebering_ecumenical_altar_mist, nrook_mini_vaults
D:4:      layout_loops_cross, minmay_temple_entry_antechambers, serial_shops,
          nicolae_shop_temple_entry_statues_fountains, kennysheep_potato
D:5:      layout_basic, makhleb_blood_cavern_becter, gammafunk_ghost_grave

Skill      XL: |  1  2  3  4  5  6  7 |
---------------+----------------------+-----
Polearms       | 4 5 6 7 8 |  8.6
Fighting       | 4 5 |  5.5
Armour         | 3 4 6 |  6.4
Dodging        | 3 |  3.4
Stealth        | |  0.7

Action                     |  1- 3 |  4- 6 |  7- 9 || total
---------------------------+-------+-------+-------++-------
  Melee: Spear             |    66 |    42 |       ||   108
         Headbutt          |     3 |     9 |    10 ||    22
         Trident           |       |    65 |    31 ||    96
         Halberd           |       |       |    56 ||    56
 Invoke: Berserk           |     2 |     1 |     1 ||     4
         Trog's Hand       |       |       |     1 ||     1
    Use: Scroll            |     1 |       |       ||     1
   Stab: Confused          |       |       |     1 ||     1
 Armour: Plate armour      |    16 |    40 |    41 ||    97
         Animal skin       |     1 |       |       ||     1
  Dodge: Dodged            |    54 |    64 |    61 ||   179
